 Dungeon Crawl Stone Soup version 0.13-a0-2350-g4422b0a (webtiles) character file.

364 Kae the Firebug (level 5, 0/28 HPs)
             Began as a Tengu Fire Elementalist on July 11, 2013.
             Was a Follower of Vehumet.
             Succumbed to a kobold's poison
             ... on Level 4 of the Dungeon.
             The game lasted 00:09:03 (3748 turns).

Kae the Firebug (Tengu Fire Elementalist)           Turns: 3748, Time: 00:09:03

HP   0/28        AC  3     Str  8      XL: 5   Next: 59%
MP  20/20        EV 11     Int 16      God: Vehumet [*.....]
Gold 185         SH  7     Dex 15      Spells:  3 memorised,  2 levels left

Res.Fire  : . . .   See Invis. : .   q - +1,+0 whip (venom) (curse)
Res.Cold  : . . .   Warding    : .   a - +1 robe
Life Prot.: . . .   Conserve   : .   t - +0 buckler (curse)
Res.Poison: .       Res.Corr.  : .   (helmet restricted)
Res.Elec. : .       Clarity    : .   (no cloak)
Sust.Abil.: . .     Spirit.Shd : .   (no gloves)
Res.Mut.  : .       Stasis     : .   (boots unavailable)
Res.Rott. : .       Flight     : .   (no amulet)
Saprovore : . . .                    x - cursed ring of hunger
                                     n - ring of magical power

@: very poisoned, slightly resistant to hostile enchantments, fairly stealthy
A: able to fly, beak, talons 3
a: Fly, Renounce Religion


You were on level 4 of the Dungeon.
You worshipped Vehumet.
Vehumet was most pleased with you.
You were not hungry.

You visited 1 branch of the dungeon, and saw 4 of its levels.

You collected 165 gold pieces.

Inventory:

Hand weapons
 q - a cursed +1,+0 whip of venom (weapon)
Armour
 a - a +1 robe (worn)
 t - a cursed +0 buckler (worn)
Magical devices
 f - a wand of random effects (18)
Comestibles
 c - 3 bread rations
 o - a royal jelly
 r - a chunk of goblin flesh
Scrolls
 j - 4 scrolls of amnesia
 l - 2 scrolls of noise
 m - 2 scrolls of blinking
Jewellery
 n - a ring of magical power (left hand)
 w - an uncursed ring of positive energy
 x - a cursed ring of hunger (right hand)
Potions
 d - a potion of paralysis
 i - 3 potions of speed
 k - a potion of might
 p - a potion of restore abilities {unknown}
Books
 b - a book of Flames

   Spells                             Type                      Level
   *Flame Tongue                      Conjuration/Fire             1
   *Throw Flame                       Conjuration/Fire             2
   *Conjure Flame                     Conjuration/Fire             3
   Inner Flame                        Hexes/Fire                   3
   Sticky Flame                       Conjuration/Fire             4
   Fireball                           Conjuration/Fire             5
 h - a book of Control

   Spells                             Type                      Level
   Control Teleport                   Charms/Translocation         4
   Control Undead                     Necromancy                   4
   Enslavement                        Hexes                        4
   Mass Confusion                     Hexes                        6
   Metabolic Englaciation             Hexes/Ice                    6


   Skills:
 - Level 2.1 Dodging
 - Level 2.0 Stealth
 + Level 2.3 Spellcasting
 * Level 4.3 Conjurations
 * Level 4.9 Fire Magic


You had 2 spell levels left.
You knew the following spells:

 Your Spells              Type           Power        Failure   Level  Hunger
a - Flame Tongue          Conj/Fire      ###..        4%          1    #......
b - Throw Flame           Conj/Fire      ###...       8%          2    ##.....
c - Conjure Flame         Conj/Fire      ###.....     12%         3    ####...


Dungeon Overview and Level Annotations

Branches:
Dungeon (4/27)
 Temple: D:4-7

Altars:
Fedhas
Kikubaaqudgha
Makhleb
Vehumet
Xom
Zin

Annotations
D:3 Grinder


Innate Abilities, Weirdness & Mutations

You can fly.
You have a beak for a mouth.
You have claws for feet.


Message History

You start resting.
You feel sick.
You start resting.
You feel sick.
You start resting.
You feel sick.
You start resting.
You feel sick.
You start resting.
You feel sick.
You start resting.
You feel very sick.
You start resting.
You feel very sick.
You start resting.
You feel very sick.
You start resting.
You feel sick.
You start resting.
* * * LOW HITPOINT WARNING * * *
You feel very sick.
You start resting.
* * * LOW HITPOINT WARNING * * *
You feel very sick.
You start resting.
You die...

...#.# #.. .....# #.# ###
.....# #.#####...#
.....#####.##......#
....................
.....)(...........
..##.##.........#
####.##.....#...#######..
####.##....(...(@..).....
................########.
[...................
####............####
###...#...#...#
##.)..###...# ......
..... ....... .[.### #...
...#


There were no monsters in sight!

Vanquished Creatures
  An orc wizard (D:3)
  6 adders
  A worm (D:3)
  5 giant geckos
  5 orcs (D:3)
  6 giant cockroaches
  9 goblins
  6 hobgoblins
  8 jackals
  2 quokkas
  9 bats
  3 giant newts
  16 kobolds
  A quokka skeleton (D:4)
  9 rats
  A rat skeleton (D:4)
88 creatures vanquished.

Notes
Turn   | Place    | Note
--------------------------------------------------------------
     0 | D:1      | Kae, the Tengu Fire Elementalist, began the quest for the Orb.
     0 | D:1      | Reached XP level 1. HP: 10/10 MP: 3/3
   274 | D:1      | Reached XP level 2. HP: 15/15 MP: 5/5
   930 | D:1      | Reached XP level 3. HP: 19/19 MP: 7/7
  1252 | D:2      | Found a glowing silver altar of Zin.
  1253 | D:2      | Noticed an angel
  1255 | D:2      | Found a shimmering altar of Xom.
  1491 | D:2      | Found an ancient bone altar of Kikubaaqudgha.
  1496 | D:2      | Found a blossoming altar of Fedhas.
  1679 | D:2      | Found a burning altar of Makhleb.
  1682 | D:2      | Found a radiant altar of Vehumet.
  1699 | D:2      | Became a worshipper of Vehumet
  1877 | D:2      | Reached skill level 4 in Fire Magic
  1877 | D:2      | Reached XP level 4. HP: 24/24 MP: 8/8
  2237 | D:3      | Noticed Grinder
  2860 | D:3      | Reached XP level 5. HP: 22/28 MP: 11/11
  2862 | D:3      | Acquired Vehumet's first power
  2862 | D:3      | Offered knowledge of Sandblast by Vehumet.
  3383 | D:4      | HP: 1/28 [poisoned by an adder]
  3536 | D:4      | Learned a level 2 spell: Throw Flame
  3540 | D:4      | Learned a level 3 spell: Conjure Flame
  3748 | D:4      | Succumbed to a kobold's poison

Action                   |  1- 3 |  4- 6 || total
-------------------------+-------+-------++-------
Melee: Unarmed           |    20 |       ||    20
       Whip              |       |    24 ||    24
 Cast: Flame Tongue      |    61 |    87 ||   148
Evoke: Wand              |       |     1 ||     1
  Use: Scroll            |       |    13 ||    13
       Potion            |       |     4 ||     4
 Stab: Sleeping          |     1 |       ||     1
